 Dungeon Crawl Stone Soup version 0.20-a0-465-g6513c8f (webtiles) character file.

19338 aspy the Unseen (level 12, -3/57 HPs)
             Began as a Felid Wizard on Jan 11, 2017.
             Was an Elder of Fedhas.
             Slain by a stone giant (30 damage)
             ... on level 1 of the Orcish Mines on Jan 12, 2017.
             The game lasted 02:41:43 (27884 turns).

aspy the Unseen (Felid Wizard)                     Turns: 27884, Time: 02:41:44

Health: -3/57      AC:  6    Str:  3    XL:     12   Next: 35%
Magic:  15/19      EV: 29    Int: 21    God:    Fedhas [****..]
Gold:   334        SH:  0    Dex: 18    Spells: 2/17 levels left
                                        Lives:  0   Deaths: 4

rFire  . . .     SeeInvis +       - Unarmed
rCold  + . .     Gourm    .     (armour unavailable)
rNeg   . . .     Faith    .     (shield unavailable)
rPois  +         Spirit   .     (helmet unavailable)
rElec  .         Reflect  .     (cloak unavailable)
rCorr  .         Harm     .     (gloves unavailable)
MR     +....                    (boots unavailable)
Stlth  +++++.....               (no amulet)
                                s - +3 ring of protection
                                E - ring of poison resistance

@: blade paws, studying Stealth, quick
A: no armour, no weapons or thrown items, stealth, claws 1, fangs 3, see
invisible, carnivore 3, speed 1, shaggy fur 3, slow metabolism 1, (sharp paws)
a: End Transformation, Fungal Bloom, Evolution, Sunlight, Growth, Reproduction,
Renounce Religion


You were on level 1 of the Orcish Mines.
You worshipped Fedhas.
Fedhas was greatly pleased with you.
You were not hungry.
You had blades for front paws.
You visited 3 branches of the dungeon, and saw 19 of its levels.
You also visited: Labyrinth.

You collected 1076 gold pieces.
You spent 742 gold pieces at shops.

Inventory:

Jewellery
 c - an uncursed ring of ice
 h - an uncursed ring of positive energy
 j - an uncursed ring of flight
 s - a +3 ring of protection (right scythe-like blade)
 v - an uncursed ring of resist corrosion
 E - a ring of poison resistance (left scythe-like blade)
Wands
 e - a wand of scattershot (8/9)
 g - a wand of lightning (4/15)
 w - a wand of clouds (9/9)
 A - a wand of iceblast (8/15)
 D - a wand of confusion (29/48)
 I - a wand of acid (6/15)
 K - a wand of lightning (4/15)
Scrolls
 d - 4 scrolls of fog
 i - 5 scrolls of remove curse
 k - 2 scrolls of fear
 o - a scroll of noise {unknown}
 r - 3 scrolls of recharging
 u - 4 scrolls of teleportation
 y - a scroll of magic mapping
 C - a scroll of amnesia
Potions
 a - a potion of flight
 l - 2 potions of haste
 n - a potion of cancellation
 p - 4 potions of curing
 x - 3 potions of might
 G - 2 potions of ambrosia
Books
 f - a book of Callings

   Spells                             Type                      Level
   a - Summon Small Mammal            Summoning                    1
   b - Call Imp                       Summoning                    2
   c - Call Canine Familiar           Summoning                    3
   d - Summon Guardian Golem          Hexes/Summoning              3
   e - Summon Lightning Spire         Summoning/Air                4
   f - Summon Ice Beast               Ice/Summoning                4
 F - a manual of Stealth
 H - a book of the Earth

   Spells                             Type                      Level
   a - Leda's Liquefaction            Hexes/Earth                  4
   b - Bolt of Magma                  Conjuration/Fire/Earth       5
   c - Statue Form                    Transmutation/Earth          6
   d - Iron Shot                      Conjuration/Earth            6
   e - Shatter                        Earth                        9
Miscellaneous
 B - a fan of gales
Comestibles
 b - 12 meat rations
 m - 7 fruits
 t - 3 slices of pizza
 z - 6 beef jerkies
 J - a royal jelly


   Skills:
 + Level 9.3 Fighting
 - Level 12.6 Dodging
 + Level 16.0 Stealth
 * Level 13.5 Unarmed Combat
 - Level 3.0 Spellcasting
   Level 1.0 Conjurations
 - Level 3.5 Charms
 - Level 1.2 Summonings
 - Level 4.5 Translocations
 - Level 9.9 Transmutations
 - Level 0.6 Air Magic
 - Level 8.8 Invocations


You had 2 spell levels left.
You knew the following spells:

 Your Spells              Type           Power        Failure   Level  Hunger
a - Blink                 Tloc           N/A          28%         2    ##.....
b - Call Imp              Summ           #.......     54%         2    ##.....
c - Apportation           Tloc           ###.......   21%         1    None
e - Recall                Summ/Tloc      N/A          54%         3    ###....
m - Repel Missiles        Chrm/Air       ##....       50%         2    ##.....
z - Blade Hands           Tmut           #####.....   41%         5    ######.


Dungeon Overview and Level Annotations

Branches:
Dungeon (12/15)            Temple (0/1) D:6            Lair (6/6) D:10
 Shoals (0/4) Lair:4       Spider (0/4) Lair:4        Slime (0/5) Lair:6
    Orc (1/2) D:12

Altars:
Ashenzari
Cheibriados
Dithmenos
Fedhas
Kikubaaqudgha
Qazlal
Trog
Xom
Jiyva

Shops:
D:4 [   D:8 %   D:11 !?

Portals:
Trove: D:11 (give 5 potions of cure mutation)

Annotations:
D:4 Sigmund
D:11 exclusion: 2 doors
Lair:6 1 runed door, exclusion: door
Orc:1 exclusion: hyperactive ballistomycete


Innate Abilities, Weirdness & Mutations

You cannot wear armour.
You are incapable of wielding weapons or throwing items.
Your paws allow you to move quietly. (Stealth)
You have sharp claws.
You have razor-sharp teeth.
You have supernaturally acute eyesight. (SInv)
You are carnivorous and can eat meat at any time.
You cover ground quickly.
Your thick and shaggy fur keeps you warm. (AC +3, rC+)
You have a slow metabolism.
((Your sharp claws are effective at attacking unaware monsters.))


Message History

You slash the stone giant!
The stone giant is lightly wounded.
You hit the stone giant.
The stone giant is lightly wounded.
The stone giant hits you!!
Ouch! That really hurt!
* * * LOW HITPOINT WARNING * * *
Press: ? - help, v - describe, . - travel
Here: a stone giant (lightly wounded)
The floor, spattered with blood.
Unknown command.
You hit the stone giant but do no damage.
The stone giant is lightly wounded.
The stone giant misses you.
You hit the stone giant.
The stone giant is lightly wounded.
The stone giant hits you!!
Ouch! That really hurt!
You die...
Fedhas appreciates your contribution to the ecosystem.

.#.......##.....###
#........#.......##
....>.......##....#
.....#.#...#.#....####
....####..#######....#
....
##....#.##....##.#
...#........#...##
................#
......##......@##
......#.#....##C#
#.....#(..# ...
#.....####...$.#
##......# .....#
##..#.## .#....
.....### ###....
....#.# #.... ....####
..


You could see a stone giant.

Vanquished Creatures
  Gastronok (D:12)
  A minotaur (Lair:3)
  An ettin (Orc:1)
  Josephine (D:12)
  Erolcha (D:11)
  3 two-headed ogres
  An orc knight (Orc:1)
  2 ugly things
  A cyclops (Orc:1)
  An elephant (Lair:6)
  Psyche (D:9)
  2 black mambas
  4 komodo dragons
  A kobold demonologist (D:12)
  6 spiny frogs
  A rime drake (Lair:3)
  6 polar bears (Lair:6)
  A troll (Orc:1)
  A blink frog (Lair:4)
  3 hippogriffs
  3 wyverns (Lair:6)
  2 redbacks (Lair:6)
  15 yaks
  4 wraiths (D:12)
  A basilisk (Lair:4)
  4 vampire mosquitoes (D:12)
  2 wargs
  12 hell hounds
  4 porcupines
  8 water moccasins
  10 orc warriors
  11 black bears
  An ice beast (D:11)
  A sky beast (D:9)
  An ogre (D:6)
  14 wolves
  A boggart (Lair:4)
  6 centaurs
  5 crocodiles
  5 big kobolds
  2 wandering mushrooms
  9 bullfrogs
  A scorpion (D:6)
  A howler monkey (D:9)
  6 killer bees (D:12)
  An electric eel (Lair:4)
  A hound (D:4)
  An orc priest (D:8)
  2 jellies
  2 centaur skeletons (D:12)
  2 iguanas
  8 orc wizards
  7 worker ants
  2 hound skeletons
  3 gnolls
  2 howler monkey skeletons
  5 adders
  A shadow imp (D:10)
  An ooze (D:1)
  3 adder skeletons
  A worm (Lair:4)
  6 leopard geckos
  33 orcs
  7 giant cockroaches
  4 goblins
  A hobgoblin (D:3)
  6 jackals
  3 quokkas
  A ball python (D:4)
  4 bats
  6 frilled lizards
  10 kobolds
  8 rats
  5 ballistomycetes
  3 ballistomycete spores (Orc:1)
  A toadstool (Lair:3)
308 creatures vanquished.

Vanquished Creatures (collateral kills)
  Azrael (D:12)
  Snorg (Lair:3)
  3 hydras
  A catoblepas (Lair:2)
  A two-headed ogre (D:8)
  4 death yaks (Lair:6)
  Sonja (D:10)
  2 wolf spiders (Lair:6)
  Maurice (D:10)
  Joseph (D:7)
  16 elephants
  A guardian serpent (Lair:6)
  6 black mambas
  A gargoyle (D:9)
  7 spiny frogs
  2 rime drakes
  8 komodo dragons
  9 polar bears
  12 blink frogs
  2 hornets (Lair:6)
  7 dream sheep (Lair:5)
  11 hippogriffs
  A snapping turtle (Lair:4)
  A redback (Lair:6)
  5 wyverns (Lair:6)
  A fire elemental (D:12)
  A hungry ghost (D:9)
  A basilisk (Lair:2)
  22 yaks
  A steam dragon (D:9)
  Edmund (D:5)
  2 wargs (Lair:6)
  4 hell hounds
  4 porcupines
  14 water moccasins
  2 orc warriors
  5 black bears
  2 phantoms
  19 wolves
  3 ogres
  3 boggarts (Lair:4)
  15 crocodiles
  Blork the orc (D:4)
  8 bullfrogs
  6 scorpions
  2 howler monkeys
  3 electric eels (Lair:1)
  4 crimson imps
  2 orc priests
  9 orc wizards
  3 bullfrog skeletons
  2 centaur skeletons
  Ijyb (D:2)
  3 worker ants
  7 adders
  3 gnolls
  A shadow imp (D:3)
  An adder skeleton (D:4)
  5 worms
  A leopard gecko (D:7)
  29 orcs
  3 bats
  3 giant cockroaches
  3 goblins (D:2)
  4 hobgoblins
  3 kobolds
  2 quokkas
  A frilled lizard (D:2)
  A ballistomycete spore (D:12)
  2 hyperactive ballistomycetes
318 creatures vanquished.

Vanquished Creatures (others)
  7 oklob plants
  35 wandering mushrooms
  An orc priest (D:12)
  An orc (D:12)
  5 ballistomycetes
  7 ballistomycete spores
  19 fungi
  A hyperactive ballistomycete (Orc:1)
  38 plants
  542 toadstools
656 creatures vanquished.

Grand Total: 1282 creatures vanquished

Notes
Turn   | Place    | Note
-------+----------+-------------------------------------------
     0 | D:1      | aspy the Felid Wizard began the quest for the Orb.
     0 | D:1      | Reached XP level 1. HP: 7/7 MP: 5/5
    98 | D:1      | Reached skill level 1 in Unarmed Combat
   582 | D:1      | Reached XP level 2. HP: 7/11 MP: 0/7
   681 | D:1      | Learned a level 2 spell: Call Imp
   816 | D:1      | Learned a level 2 spell: Repel Missiles
  1604 | D:2      | Reached XP level 3. HP: 12/14 MP: 2/8
  1612 | D:2      | Noticed Ijyb
  2000 | D:2      | Killed Ijyb
  2000 | D:2      | Reached skill level 1 in Charms
  2144 | D:2      | Learned a level 3 spell: Mephitic Cloud
  2197 | D:2      | Reached skill level 1 in Conjurations
  2318 | D:2      | Found a faded altar of an unknown god.
  2525 | D:2      | Became a worshipper of Fedhas Madash
  2525 | D:2      | Reached * piety under Fedhas
  2973 | D:2      | Reached XP level 4. HP: 9/18 MP: 4/9
  3194 | D:2      | Reached skill level 1 in Invocations
  4103 | D:4      | Reached XP level 5. HP: 21/21 MP: 10/10
  4235 | D:4      | Found a shadowy altar of Dithmenos.
  4237 | D:4      | Found a bloodstained altar of Trog.
  4462 | D:4      | Noticed an ogre
  4480 | D:4      | Killed an ogre
  4500 | D:4      | Gained mutation: You are covered in thick fur. (AC +2) [Felid growth]
  4500 | D:4      | Reached XP level 6. HP: 21/24 MP: 3/11
  4618 | D:4      | Reached ** piety under Fedhas
  4648 | D:4      | Noticed Sigmund
  4700 | D:4      | HP: 1/24 [orc priest/divine providence (11)]
  5040 | D:4      | Noticed Blork the orc
  5086 | D:4      | Killed Blork the orc
  5191 | D:4      | Reached skill level 5 in Unarmed Combat
  5592 | D:4      | Found Sitt's Antique Armour Emporium.
  5658 | D:5      | Entered Level 5 of the Dungeon
  5825 | D:5      | Reached skill level 3 in Stealth
  5958 | D:5      | Found a snail-covered altar of Cheibriados.
  6091 | D:5      | Found a stormy altar of Qazlal.
  6353 | D:5      | Noticed Edmund
  6377 | D:5      | Killed Edmund
  6377 | D:5      | Reached XP level 7. HP: 27/27 MP: 5/12
  6647 | D:5      | Reached skill level 4 in Stealth
  6905 | D:6      | Found a shattered altar of Ashenzari.
  7003 | D:6      | Found a shimmering altar of Xom.
  7003 | D:6      | Found an ancient bone altar of Kikubaaqudgha.
  7237 | D:6      | Found a staircase to the Ecumenical Temple.
  7881 | D:7      | Reached skill level 5 in Stealth
  8118 | D:7      | Noticed Joseph
  8134 | D:7      | Shot with a sling bullet by Joseph
  8135 | D:7      | Reached XP level 6. HP: -10/24 MP: 6/11
  8139 | D:7      | Reached XP level 7. HP: 27/27 MP: 12/12
  8277 | D:7      | Killed Joseph
  8954 | D:7      | Reached skill level 6 in Stealth
  9438 | D:8      | Noticed a two-headed ogre
  9447 | D:8      | Slain by a two-headed ogre
  9447 | D:8      | Killed a two-headed ogre
  9447 | D:8      | Reached skill level 5 in Dodging
  9447 | D:8      | Reached skill level 5 in Invocations
  9447 | D:8      | Reached XP level 8. HP: 1/31 MP: 5/13
  9448 | D:8      | Reached XP level 7. HP: 1/27 MP: 5/12
  9481 | D:8      | Found Gaynerph's Food Emporium.
  9501 | D:8      | Bought 2 fruits for 42 gold pieces
 10368 | D:8      | Learned a level 5 spell: Blade Hands
 10658 | D:9      | Reached skill level 1 in Transmutations
 10690 | D:9      | Reached XP level 8. HP: 31/31 MP: 13/13
 10720 | D:9      | Reached skill level 1 in Fighting
 11295 | D:9      | Noticed a hippogriff
 11667 | D:9      | Noticed Psyche
 11689 | D:9      | Noticed a hippogriff
 11696 | D:9      | Killed Psyche
 11700 | D:9      | Killed a hippogriff
 12089 | D:9      | Noticed a gargoyle
 12106 | D:9      | Killed a gargoyle
 12106 | D:9      | Reached XP level 9. HP: 37/37 MP: 9/14
 12152 | D:10     | Entered Level 10 of the Dungeon
 12152 | D:10     | Noticed Maurice
 12168 | D:10     | Killed Maurice
 12168 | D:10     | Reached skill level 5 in Transmutations
 12883 | D:10     | Noticed Sonja
 13589 | D:10     | Noticed a komodo dragon
 13738 | D:10     | Found a staircase to the Lair.
 13748 | D:10     | Killed a komodo dragon
 13932 | D:10     | Lost strength.
 14164 | Lair:1   | Entered Level 1 of the Lair of Beasts
 14321 | Lair:1   | Noticed a komodo dragon
 14366 | Lair:1   | Killed a komodo dragon
 14524 | Lair:1   | Noticed a spiny frog
 14530 | Lair:1   | Killed a spiny frog
 14550 | Lair:1   | Noticed a polar bear
 14552 | Lair:1   | Noticed a komodo dragon
 14552 | Lair:1   | Reached XP level 10. HP: 21/42 MP: 10/15
 15053 | Lair:1   | Found a blossoming altar of Fedhas.
 15087 | Lair:1   | Noticed an oklob plant
 15762 | Lair:2   | Noticed a catoblepas
 15774 | Lair:2   | Reached skill level 10 in Unarmed Combat
 15774 | Lair:2   | Killed a catoblepas
 15774 | Lair:2   | Reached skill level 5 in Fighting
 15797 | Lair:2   | Reached *** piety under Fedhas
 16279 | Lair:2   | Killed a spiny frog
 16964 | Lair:3   | Noticed a black mamba
 16992 | Lair:3   | Killed a black mamba
 17005 | Lair:3   | Noticed Snorg
 17020 | Lair:3   | Reached XP level 11. HP: 38/48 MP: 10/16
 17020 | Lair:3   | Killed Snorg
 17093 | Lair:3   | Learned a level 2 spell: Blink
 17393 | Lair:3   | Found a labyrinth entrance.
 17403 | Lab      | Entered a labyrinth
 17671 | Lab      | Noticed a minotaur
 17685 | Lab      | Identified the Catalogue of Ashen Orientation
 18000 | Lair:3   | Killed a minotaur
 18037 | Lair:3   | Reached skill level 7 in Stealth
 18332 | Lair:3   | Learned a level 1 spell: Apportation
 18336 | Lair:3   | Learned a level 3 spell: Recall
 18392 | Lair:3   | Reached skill level 10 in Dodging
 18782 | Lair:4   | Reached skill level 8 in Stealth
 18986 | Lair:4   | Reached skill level 9 in Stealth
 19172 | Lair:4   | Found a hole to the Spider Nest.
 19283 | Lair:4   | Found a staircase to the Shoals.
 19784 | Lair:4   | Gained mutation: Your thick and shaggy fur keeps you warm. (AC +3, rC+) [Felid growth]
 19784 | Lair:4   | Reached XP level 12. HP: 53/53 MP: 17/17
 19912 | Lair:5   | Noticed an eight-headed hydra
 19942 | Lair:5   | Killed an eight-headed hydra
 19991 | Lair:5   | Reached skill level 10 in Stealth
 20822 | Lair:5   | Reached skill level 11 in Stealth
 21075 | Lair:6   | Entered Level 6 of the Lair of Beasts
 21271 | Lair:6   | Noticed a death yak
 21272 | Lair:6   | Noticed a death yak
 21284 | Lair:6   | Killed a death yak
 21303 | Lair:6   | Noticed a seven-headed hydra
 21321 | Lair:6   | Killed a seven-headed hydra
 21321 | Lair:6   | Reached skill level 12 in Stealth
 21339 | Lair:6   | Noticed a death yak
 21352 | Lair:6   | Killed a death yak
 21365 | Lair:6   | Noticed a death yak
 21369 | Lair:6   | Killed a death yak
 21372 | Lair:6   | Killed a death yak
 21541 | Lair:6   | Reached **** piety under Fedhas
 22040 | Lair:6   | Reached skill level 13 in Stealth
 22174 | Lair:6   | Found a runed door.
 22175 | Lair:6   | Found a viscous altar of Jiyva.
 22175 | Lair:6   | Noticed an azure jelly
 22284 | Lair:6   | Noticed an azure jelly
 22285 | Lair:6   | Found a staircase to the Slime Pits.
 22463 | Lair:6   | Reached XP level 13. HP: 35/58 MP: 18/18
 24172 | Lair:6   | Reached skill level 14 in Stealth
 24609 | D:10     | Killed Sonja
 24638 | D:11     | Found Geshe's Magic Scroll Shoppe.
 24648 | D:11     | Bought a scroll of identify for 20 gold pieces
 24648 | D:11     | Bought a scroll of identify for 20 gold pieces
 24648 | D:11     | Bought a scroll of identify for 20 gold pieces
 24648 | D:11     | Bought a scroll of identify for 20 gold pieces
 24648 | D:11     | Bought a scroll of identify for 20 gold pieces
 24655 | D:11     | Upgraded the game from 0.20-a0-464-g526fb3c to 0.20-a0-465-g6513c8f
 24657 | D:11     | Noticed Erolcha
 24814 | D:11     | Found Qurug's Distillery.
 24820 | D:11     | Bought a potion of haste for 120 gold pieces
 24820 | D:11     | Bought a potion of invisibility for 96 gold pieces
 24820 | D:11     | Bought a potion of might for 48 gold pieces
 24820 | D:11     | Bought a potion of haste for 120 gold pieces
 24820 | D:11     | Bought a potion of haste for 120 gold pieces
 24820 | D:11     | Bought 2 potions of might for 96 gold pieces
 24836 | D:11     | Killed Erolcha
 25167 | D:11     | Found a portal to a secret trove of treasure.
 25230 | D:12     | Noticed Gastronok
 25239 | D:12     | Noticed Azrael
 25362 | D:12     | Noticed Josephine
 25375 | D:12     | Killed Josephine
 25426 | D:12     | Reached skill level 15 in Stealth
 25487 | D:12     | Found a staircase to the Orcish Mines.
 25791 | D:12     | Killed from afar by Gastronok
 25792 | D:12     | Reached XP level 12. HP: -1/57 MP: 19/19
 26920 | D:12     | Killed Gastronok
 26920 | D:12     | Reached XP level 13. HP: 38/60 MP: 16/20
 27259 | D:12     | HP: 2/60 [Azrael/fireball (35)]
 27270 | D:12     | Killed from afar by a hell hound
 27271 | D:12     | Reached XP level 12. HP: -9/57 MP: 17/19
 27271 | D:12     | Killed Azrael
 27447 | Orc:1    | Entered Level 1 of the Orcish Mines
 27511 | Orc:1    | Noticed an ettin
 27572 | Orc:1    | Killed an ettin
 27746 | Orc:1    | Reached skill level 16 in Stealth
 27874 | Orc:1    | Noticed a stone giant
 27884 | Orc:1    | Slain by a stone giant

Vault maps used:
D:1:      matt_arrival_debris, corexii_corridor_pit
D:2:      chequers_ecumenical_altar_simple, first_bread, uniq_iyjb
D:4:      chequers_temple_overflow_statue_of_worship, serial_shops,
          nicolae_shop_trees, uniq_blork_the_orc, uniq_sigmund
D:5:      lemuel_crystal_altar, grunt_qazlal_sundering, uniq_edmund
D:6:      nicolae_overflow_crystal_walls, gammafunk_temple_overflow_pools
D:7:      grunt_ministairs_15, uniq_joseph
D:8:      blue_anna_alchemist, kennysheep_windowed_goal
D:9:      uniq_psyche
D:10:     david_lair_shrubbed, uniq_sonja, uniq_maurice
D:11:     nicolae_trove_entry_crystal, serial_shops, nicolae_shop_stone, shop,
          lightli_wizard_tower, uniq_erolcha
D:12:     david_orc_3, serial_co_window_serial, co_window_paths_a,
          co_window_corner_a, co_window_paths_a, co_window_paths_b,
          co_window_corner_a, co_window_cross_1, co_window_corner_a,
          co_window_corner_b, co_window_corner_b, co_window_broadway_b,
          co_window_of_opportunity_b, co_window_of_opportunity_b,
          co_window_paths_c, co_window_corner_b, glass_columns_a,
          glass_columns_b, uniq_gastronok, uniq_josephine, uniq_azrael
Lair:1:   beast_lair_carwin_large_2, serial_bayou, serial_bayou_shore_a,
          serial_bayou_pond_d, serial_bayou_pond_e, serial_bayou_ford_a,
          tgw_fedhas
Lair:3:   lab_entry_generic, st_stairs_11, beast_lair_carwin_7, uniq_snorg
Lair:4:   minmay_shoals_entry_hut, nicolae_spider_entry_non_spiders,
          st_stairs_9, kilobyte_rumbling_trees
Lair:5:   st_stairs_8
Lair:6:   hangedman_lair_tendril_chambers, hangedman_lair_caniforms_friends,
          slime_altar_2, lemuel_fruit_fields
Orc:1:    nicolae_orc_accident_1
Lab:      labyrinth_watery

Skill      XL: |  1  2  3  4  5  6  7  8  9 10 11 12 13 |
---------------+----------------------------------------+-----
Unarmed Combat | 1 2 3 4 5 8 9 10 11 12 13 | 13.5
Dodging        | 3 4 6 7 8 9 10 11 12 | 12.6
Charms         | 1 3 |  3.5
Conjurations   | 1 |  1.0
Invocations    | 1 2 5 8 |  8.8
Stealth        | 3 6 9 16 15 | 16.0
Transmutations | 1 4 7 9 |  9.9
Fighting       | 2 4 5 6 8 9 |  9.3
Translocations | 4 |  4.5
Spellcasting   | |  3.0
Summonings     | |  1.2
Air Magic      | |  0.6

Action                   |  1- 3 |  4- 6 |  7- 9 | 10-12 | 13-15 || total
-------------------------+-------+-------+-------+-------+-------++-------
Melee: Unarmed           |   102 |    77 |   271 |   489 |   353 ||  1292
       Bite              |     8 |     7 |    19 |    29 |    46 ||   109
       Punch             |       |       |     9 |    16 |    18 ||    43
 Cast: Magic Dart        |    10 |     1 |       |       |       ||    11
       Call Imp          |    36 |    39 |    47 |     2 |       ||   124
       Repel Missiles    |       |       |     2 |     1 |       ||     3
       Blade Hands       |       |       |       |    19 |    28 ||    47
       Recall            |       |       |       |     2 |       ||     2
Invok: Fungal Bloom      |     1 |    28 |    40 |    97 |    27 ||   193
       Evolution         |       |     5 |    12 |    52 |     6 ||    75
       Sunlight          |       |       |     1 |       |       ||     1
       Reproduction      |       |       |       |     5 |       ||     5
       Growth            |       |       |       |     1 |       ||     1
 Abil: End Transformatio |       |       |       |     2 |       ||     2
Evoke: Wand              |       |       |     2 |     6 |     1 ||     9
       Fan of gales      |       |       |     1 |       |       ||     1
  Use: Scroll            |       |     3 |     7 |    11 |     9 ||    30
       Potion            |       |       |     4 |     4 |     2 ||    10
 Stab: Sleeping          |     6 |     2 |    10 |    17 |    10 ||    45
       Distracted        |     1 |     1 |     4 |    11 |     2 ||    19
       Confused          |       |     1 |     3 |     7 |     2 ||    13
       Petrified         |       |       |       |     1 |       ||     1
  Eat: Chunk             |    12 |     3 |    23 |    28 |    15 ||    81
Armor: Skin              |     5 |     1 |    12 |    19 |    17 ||    54
Dodge: Dodged            |    77 |    62 |   198 |   435 |   393 ||  1165
       Deflected         |       |       |     3 |       |     4 ||     7
